Description

This build order is pretty easy to execute. The most important part is not dying to allins or widowmine drops.

Going for a timing with 6 carriers with storm is very effective against bio mine and mass vikings. I don't recommend going for a timing vs mech since bcs crush carriers and at that point you need to go full macro and make mass tempests. Don't follow the times and the supplies of the build order exaclty it always wary from game to game. just make sure to get your stargate and the oracle before mothership core while chronoboosting adepts.

Replay - Jason v OuO - Stacja mieszkalna ER (Void)

Build Order

Get SALT Encoding   

  14  0:18  Pylon  
  14  0:22  Probe (Chrono Boost)  
  15  0:37  Gateway  
  15  0:41  Assimilator  
  19  1:21  Nexus  
  19  1:31  Cybernetics Core  
  19  1:35  Probe (Chrono Boost)  
  20  1:40  Assimilator  
  21  1:52  Pylon  
  22  2:07  Adept  
  25  2:17  Stargate  
  26  2:23  Warp Gate  
  27  2:49  Adept  
  30  2:56  Oracle  
  31  3:04  Assimilator  
  36  3:07  Assimilator  
  38  3:20  Adept  
  43  3:37  Pylon  
  48  3:56  Mothership Core (Chrono Boost)  
  49  4:04  Pylon  
  49  4:07  Forge  
  49  4:15  Fleet Beacon  
  51  4:22  Stargate  
  51  4:30  Adept  
  57  4:41  Pylon  
  57  4:48  Photon Cannon  
  59  4:58  Carrier  
  59  5:01  Photon Cannon  
  59  5:02  Protoss Air Weapons Level 1  
  65  5:14  Pylon  
  64  5:22  Carrier  
  72  5:39  Graviton Catapult  
  72  5:43  Pylon  
  68  6:12  Carrier  
  68  6:13  Twilight Council  
  69  6:22  Nexus  
  75  6:28  Pylon  
  76  6:36  Carrier  
  77  6:49  Adept  
  77  6:53  Resonating Glaives  
  86  7:00  Gateway  
  86  7:06  Gateway  
  86  7:14  Gateway  
  86  7:23  Pylon  
  86  7:24  Pylon  
  86  7:26  Adept  
  85  7:33  Pylon  
  88  7:38  Carrier  
  95  8:03  Assimilator  
  97  8:05  Pylon  
  97  8:06  Assimilator  
  97  8:07  Carrier  
  106  8:25  Templar Archives  
  106  8:28  Pylon  
  106  8:31  Probe (Chrono Boost)  
  108  8:48  Gateway  
  108  8:50  Gateway  
  108  8:51  Gateway  
  108  8:56  Adept  
  108  9:01  Oracle  
  108  9:05  Adept x2  
  108  9:06  Adept  
  108  9:08  Psionic Storm  
  117  9:18  High Templar  
  117  9:23  Gateway  
  121  9:27  Gateway  
  121  9:30  High Templar x3  
  126  9:54  High Templar x2  
  126  9:55  High Templar  
Spawning Tool Build Advisor. Get it on Overwolf

Analysis

The 1st important thing about this build is not losing your oracle and scouting with it. In this particular game i scout a widowmine drop so i dropped a forge and some cannon delaying my carriers, if you feel safe skip them.When terran is going for big marine pressure make sure to chrono out your adepts and get a pylon at your ramp. Make sure to place your pylons well so the can cover you from liberators.

Getting a 3rd is hard sometime but with this build you can stay on 2 bases very long if terran is hyper aggressive on 2 bases. Getting attack upgrades on your air and glaves is very important. Usually make your gateways before establishing the 3rd base. While defending any kind of strong marine medivac aggression make sure to pull back the hurt carriers back and abuse the interceptor mechanic(sometimes its better to sack your 3rd and save the carriers staying long on 2bases is not a big deal since your army will get very strong with storm.

Once your 3rd base is secure and you have 6-8 carriers with hts attack the terran for the victory! Make sure to storm the vikings don't lose all your interceptors to the mines but feel free to detonate some of them over terran marines if you are running out of interceptors pull back and remake them. Remember to leave some HTs in your base and make carriers behind from 2 star gates. Don't add more until you have your 4th base assuming you haven't win yet ;). Good luck!

replays:

ez win

vs Jason

More replays:

1

2

vs cc 1st

late game vs bcs

sloppy, still ez win

ez win after sloppy start

vs Avilo, he rages

Go to:

Details

  • Created by: MorDka 
  • Published on: Jan 19, 2017
  • Modified on: Jan 30, 2017
  • Patch: 3.8.0
Show
View Real Time Build Order
Export as new Build Order

Comments (1)

On Feb. 6, 2017, 5:26 a.m., Jitano  said:

This Build is so weak against any sort of All-in of the Terran. And even when the Terran would only gofor Marines, its very hard to defend, because you so few Adepts and Carriers

Create an account to comment!